 Dungeon Crawl Stone Soup version 0.25-a0-246-g58704a1 (webtiles) character file.

Game seed: 11842757038912499558, levelgen mode: deterministic

42 DICKBUTTS69 the Skirmisher (level 3, -2/31 HPs)
             Began as a Centaur Fighter on Dec 3, 2019.
             Slain by Natasha (3 damage)
             ... on level 2 of the Dungeon.
             The game lasted 00:02:51 (1296 turns).

DICKBUTTS69 the Skirmisher (Centaur Fighter)        Turns: 1296, Time: 00:02:53

Health: -2/31      AC:  6    Str: 19    XL:     3   Next: 33%
Magic:  3/3        EV:  5    Int:  7    God:
Gold:   43         SH:  8    Dex:  8    Spells: 2/2 levels left

rFire    . . .     SeeInvis .   a - +0 trident
rCold    . . .     Gourm    .   c - +0 shield
rNeg     . . .     Faith    .   b - +0 scale mail
rPois    .         Spirit   .   (no helmet)
rElec    .         Reflect  .   (no cloak)
rCorr    .         Harm     .   (no gloves)
MR       .....                  (no barding)
Stlth    ..........             (no amulet)
HPRegen  0.10/turn              (no ring)
MPRegen  0.08/turn              (no ring)

@: lethally poisoned (-2 -> -4), flying, very quick
A: large, hooves 3, deformed body, speed 2, tough skin 3
a: no special abilities


You were on level 2 of the Dungeon.
You were hungry.

You visited 1 branch of the dungeon, and saw 2 of its levels.

You collected 43 gold pieces.

Inventory:

Hand Weapons
 a - a +0 trident (weapon)
Armour
 b - a +0 scale mail (worn)
 c - a +0 shield (worn)
 h - a +0 ring mail
Scrolls
 g - a scroll of identify {unknown}
 i - 2 scrolls of remove curse {unknown}
 k - a scroll of enchant armour {unknown}
Potions
 d - a potion of might
 j - a potion of degeneration {unknown}
Comestibles
 f - 3 rations


   Skills:
 + Level 3.3 Fighting
 + Level 2.0 Polearms
 + Level 2.5 Armour
 + Level 2.7 Shields


You had 2 spell levels left.
You didn't know any spells.
Your spell library was empty.

Dungeon Overview and Level Annotations

Branches:
Dungeon (2/15)

Altars:

Annotations:
D:2 Natasha


Innate Abilities, Weirdness & Mutations

You have hooves in place of feet.
Armour fits poorly on your strangely shaped body.
You cover ground very quickly.
You have extremely tough skin. (AC +3)


Message History

The rat bites you but does no damage.
Your shield prevents you from hitting Natasha.
Natasha is lightly wounded.
You feel sick. Natasha claws you.
* * * LOW HITPOINT WARNING * * *
You block the rat's attack. Natasha completely misses you.
You puncture Natasha!
Natasha is heavily wounded.
The rat bites you but does no damage. Natasha claws you.
* * * LOW HITPOINT WARNING * * *
There are monsters nearby!
It was a potion of flight.
You feel very buoyant.
You fly up into the air.
The gnoll hits you.
* * * LOW HITPOINT WARNING * * *
The rat bites you but does no damage.
Natasha mumbles some strange words.
* * * LOW HITPOINT WARNING * * *
You feel sick. Natasha claws you.
You die...

...#?≈≈≈≈≈.≈≈≈≈..#
.....≈≈≈≈≈.≈≈≈≈..#
.....≈≈≈≈≈.≈≈≈≈..#
...>.≈≈≈≈≈.≈≈≈≈..#
......r.......[..
.......#........ #
#..<...g<#..# ..#
#.......gh†##....#
#.......rg@......#
........5.#...##..
#.####....$.#.....
$ #..##..######
#.## #.. #. ... ..
.#.. .# ####.


You could see Natasha, 3 gnolls, a white imp and a rat.

Vanquished Creatures
  An adder (D:2)
  A dart slug (D:1)
  2 ball pythons (D:1)
  A giant cockroach (D:1)
  3 hobgoblins (D:1)
  4 jackals (D:1)
  6 kobolds
  4 bats (D:1)
  A frilled lizard (D:1)
  A goblin (D:1)
  6 rats (D:1)
30 creatures vanquished.

Notes
Turn   | Place    | Note
-------+----------+-------------------------------------------
     0 | D:1      | DICKBUTTS69 the Centaur Fighter began the quest for the
                  | Orb.
     0 | D:1      | Reached XP level 1. HP: 19/19 MP: 1/1
    69 | D:1      | Reached XP level 2. HP: 6/26 MP: 2/2
  1259 | D:1      | Reached XP level 3. HP: 31/31 MP: 3/3
  1280 | D:2      | Noticed Natasha
  1296 | D:2      | HP: 1/31 [poisoned by an adder]
  1296 | D:2      | Slain by Natasha

Levels and vault maps discovered:
D:1:      mrwooster_arrival_statue_2, layout_loops_ring
D:2:      layout_rooms, lemuel_round_altar, old_standard_altar, first_ration,
          minivault_14, minmay_heptomino_l4, uniq_natasha

Skill      XL: |  1  2 |
---------------+-------+-----
Polearms       | 2 |  2.0
Fighting       | |  3.3
Armour         | |  2.5
Shields        | |  2.7

Action                   || total
-------------------------++-------
Melee: Trident           ||    72
       Kick              ||    17
  Use: Potion            ||     1
Armor: Scale mail        ||    45
Dodge: Dodged            ||    21
Block: Shield            ||    35

Table legend:
 A = Non-vault XP
 B = Vault XP
 C = Vault XP percentage of total XP
 D = Non-vault monster count
 E = Vault monster count
 F = Vault count percentage of total count
                 A         B        C        D         E       F
            +---------+---------+-------+---------+---------+-------
      Total |      60 |       0 |   0.0 |      30 |       0 |   0.0
            +---------+---------+-------+---------+---------+-------
        D:1 |      44 |       0 |   0.0 |      28 |       0 |   0.0
        D:2 |      16 |       0 |   0.0 |       2 |       0 |   0.0
            +---------+---------+-------+---------+---------+-------
